 Dungeon Sprint DCSS version 0.23-a0-183-gf37f6fb (webtiles) character file.

991 namelastname112 the Blocker (level 8, -3/71 HPs)
             Began as a Formicid Fighter on Sept 23, 2018.
             Was a High Priest of Uskayaw.
             Slain by a vampire mosquito (6 damage)
             ... in the Dungeon (Sprint IX: "|||||||||||||||||||||||||||||").
             The game lasted 00:01:32 (477 turns).

namelastname112 the Blocker (Formicid Fighter)       Turns: 477, Time: 00:01:33

Health: -3/71      AC: 12    Str: 23    XL:     8   Next: 42%
Magic:  7/14       EV: 12    Int:  8    God:    Uskayaw [*****.]
Gold:   0          SH: 12    Dex: 10    Spells: 7/7 levels left

rFire    . . .     SeeInvis +   r - +3 war axe (freeze)
rCold    . . .     Gourm    .   c - +0 shield
rNeg     . . .     Faith    .   a - +1 scale mail
rPois    .         Spirit   .   (helmet unavailable)
rElec    .         Reflect  .   s - +0 cloak
rCorr    .         Harm     .   (no gloves)
MR       .....                  (no boots)
Stlth    ..........             (no amulet)
HPRegen  0.21/turn              p - +2 ring of protection
MPRegen  0.14/turn              q - +2 ring of evasion

@: no status effects
A: permanent stasis, dig shafts and tunnels, four strong arms, antennae 3
a: Dig, Stomp, Line Pass, Grand Finale, Renounce Religion


You were in the Dungeon.
You worshipped Uskayaw.
Uskayaw was aware of your devotion.
You were not hungry.

You visited 1 branch

Inventory:

Hand Weapons
 r - a +3 war axe of freezing (weapon)
Armour
 a - a +1 scale mail (worn)
 c - a +0 shield (worn)
 s - a +0 cloak (worn)
Jewellery
 p - a +2 ring of protection (left hand)
 q - a +2 ring of evasion (right hand)
Wands
 o - a wand of iceblast (10)
Scrolls
 k - 2 scrolls of blinking
 m - 3 scrolls of remove curse
 n - 2 scrolls of amnesia
Potions
 d - a potion of might
 e - 5 potions of curing
 g - a potion of heal wounds
 h - a potion of haste
 i - 4 potions of magic
 j - a potion of berserk rage
 l - a potion of invisibility
Comestibles
 b - 3 chunks of flesh
 f - a ration


   Skills:
 + Level 9.4 Fighting
 + Level 8.3 Axes
 + Level 9.4 Armour
 + Level 10.2 Shields
 + Level 8.2 Invocations


You had 7 spell levels left.
You didn't know any spells.
Your spell library was empty.

Dungeon Overview and Level Annotations

Branches:
Dungeon (1/1)

Altars:
Cheibriados
Dithmenos
Elyvilon
Fedhas
Gozag
Hepliaklqana
Kikubaaqudgha
Makhleb
Nemelex Xobeh
Okawaru
Qazlal
Ru
Sif Muna
Trog
Uskayaw
Vehumet
Wu Jian
Xom
Yredelemnul
Zin
The Shining One
Beogh
Jiyva
Lugonu


Innate Abilities, Weirdness & Mutations

You cannot be hasted, slowed, berserked, paralysed or teleported.
You can dig through walls and to a lower floor.
Your four strong arms can wield two-handed weapons with a shield.
You have a pair of large antennae on your head. (SInv)


Message History

You block the ogre's attack.
You slash the ogre! You freeze the ogre.
The ogre is heavily wounded.
The ogre misses you.
You slash the ogre! You freeze the ogre.
You kill the ogre!
The vampire mosquito barely misses you.
You can now merge with and destroy a victim.
You closely miss the vampire mosquito.
The vampire mosquito is lightly damaged.
You block the vampire mosquito's attack.
The vampire mosquito bites you!
* * * LOW HITPOINT WARNING * * *
The vampire mosquito draws strength from your injuries!
You take 10 damage, and have 3/71 hp.
You hit the vampire mosquito. You freeze the vampire mosquito.
The vampire mosquito is lightly damaged.
You block the vampire mosquito's attack.
The vampire mosquito bites you.
You die... ▓▓▓▓▓▓▓▓▓▓▓▓▓▓▓▓▓▓ ..(÷).....(.)).y@+ ▓▓▓▓▓▓▓▓▓▓▓▓▓▓▓▓▓▓ {{

You could see a vampire mosquito.

Vanquished Creatures
  A cyclops (D)
  A hippogriff (D)
  An ogre (D)
  2 centaurs (D)
  A crimson imp (D)
  3 jellies (D)
  A hound (D)
  A worker ant (D)
  A dart slug (D)
  3 orcs (D)
  A giant cockroach (D)
  A goblin (D)
  A hobgoblin (D)
  A quokka (D)
  A frilled lizard (D)
  A giant cockroach zombie (D)
21 creatures vanquished.

Notes
Turn   | Place    | Note
-------+----------+-------------------------------------------
     0 | D        | namelastname112 the Formicid Fighter began the quest for
                  | the Orb.
     0 | D        | Reached XP level 1. HP: 18/18 MP: 1/1
     5 | D        | Reached skill level 4 in Shields
    13 | D        | Reached XP level 2. HP: 25/25 MP: 2/2
    22 | D        | Noticed a crimson imp
    31 | D        | Reached skill level 5 in Shields
    31 | D        | Reached XP level 3. HP: 25/32 MP: 3/3
    68 | D        | Reached skill level 5 in Fighting
    68 | D        | Reached skill level 5 in Armour
    68 | D        | Reached skill level 6 in Shields
    68 | D        | Reached XP level 4. HP: 27/39 MP: 4/4
   151 | D        | Found a roughly hewn altar of Beogh.
   151 | D        | Found a snail-covered altar of Cheibriados.
   151 | D        | Found a shadowy altar of Dithmenos.
   151 | D        | Found a white marble altar of Elyvilon.
   151 | D        | Found a blossoming altar of Fedhas.
   151 | D        | Found an opulent altar of Gozag.
   152 | D        | Found a hazy altar of Hepliaklqana.
   153 | D        | Found a viscous altar of Jiyva.
   154 | D        | Found an ancient bone altar of Kikubaaqudgha.
   155 | D        | Found a corrupted altar of Lugonu.
   156 | D        | Found a burning altar of Makhleb.
   157 | D        | Found a sparkling altar of Nemelex Xobeh.
   158 | D        | Found an iron altar of Okawaru.
   159 | D        | Found a stormy altar of Qazlal.
   160 | D        | Found a sacrificial altar of Ru.
   161 | D        | Found a deep blue altar of Sif Muna.
   162 | D        | Found a bloodstained altar of Trog.
   163 | D        | Found a hide-covered altar of Uskayaw.
   164 | D        | Found a radiant altar of Vehumet.
   165 | D        | Found an ornate altar of the Wu Jian Council.
   166 | D        | Found a shimmering altar of Xom.
   167 | D        | Found a basalt altar of Yredelemnul.
   168 | D        | Found a glowing silver altar of Zin.
   169 | D        | Found a glowing golden altar of the Shining One.
   171 | D        | Became a worshipper of Uskayaw the Reveler
   237 | D        | Noticed a centaur
   239 | D        | Reached * piety under Uskayaw
   241 | D        | Reached skill level 1 in Invocations
   241 | D        | Reached XP level 5. HP: 38/46 MP: 4/6
   241 | D        | Reached ** piety under Uskayaw
   249 | D        | Reached skill level 5 in Axes
   249 | D        | Reached *** piety under Uskayaw
   255 | D        | Reached skill level 7 in Shields
   255 | D        | Reached **** piety under Uskayaw
   258 | D        | Reached ***** piety under Uskayaw
   259 | D        | Killed a centaur
   259 | D        | Reached XP level 6. HP: 20/55 MP: 6/9
   449 | D        | Noticed a cyclops
   449 | D        | Noticed a vampire mosquito
   449 | D        | Noticed an ogre
   449 | D        | Noticed a hippogriff
   458 | D        | Killed a cyclops
   458 | D        | Reached skill level 9 in Shields
   458 | D        | Reached XP level 7. HP: 7/63 MP: 9/12
   471 | D        | Reached XP level 8. HP: 29/71 MP: 6/13
   471 | D        | Killed a hippogriff
   471 | D        | Reached skill level 10 in Shields
   476 | D        | HP: 3/71 [vampire mosquito (10)]
   477 | D        | Slain by a vampire mosquito

Vault maps used:
D:        linesprint

Skill      XL: |  1  2  3  4  5  6  7  8 |
---------------+-------------------------+-----
Shields        | 4 5 6 7 9 10 | 10.2
Fighting       | 4 5 7 8 9 |  9.4
Axes           | 3 4 6 7 8 |  8.3
Armour         | 4 5 7 8 9 |  9.4
Invocations    | 1 4 7 8 |  8.2

Action                   |  1- 3 |  4- 6 |  7- 9 || total
-------------------------+-------+-------+-------++-------
Melee: War axe           |    52 |    31 |    16 ||    99
Invok: Line Pass         |       |       |     1 ||     1
  Use: Potion            |       |       |     2 ||     2
 Stab: Paralysed         |       |     3 |       ||     3
Armor: Scale mail        |    18 |    10 |     4 ||    32
Dodge: Dodged            |    13 |     6 |    13 ||    32
Block: Shield            |    21 |    18 |    11 ||    50

Table legend:
 A = Non-vault XP
 B = Vault XP
 C = Vault XP percentage of total XP
 D = Non-vault monster count
 E = Vault monster count
 F = Vault count percentage of total count
                 A         B        C        D         E       F
            +---------+---------+-------+---------+---------+-------
      Total |       0 |    1417 | 100.0 |       0 |      21 | 100.0
            +---------+---------+-------+---------+---------+-------
          D |       0 |    1417 | 100.0 |       0 |      21 | 100.0
            +---------+---------+-------+---------+---------+-------
